 Dungeon Crawl Stone Soup version 0.29.0-13-gc9e81de378 (webtiles) character file.

Game seed: 14846226368771913210

214 Iusername the Slasher (level 5, 0/47 HPs)
             Began as a Hill Orc Berserker on Sept 7, 2022.
             Was a Priest of Trog.
             Slain by an orc wizard
             ... wielding a +0 dagger
              (3 damage)
             ... on level 5 of the Dungeon.
             The game lasted 00:06:56 (6039 turns).

Iusername the Slasher (Hill Orc Berserker)          Turns: 6039, Time: 00:06:56

Health: 0/47       AC:  7    Str: 20    XL:     5   Next: 91%
Magic:  5/5        EV: 11    Int: 13    God:    Trog [***...]
Gold:   1034       SH:  0    Dex: 12    Spells: 4/4 levels left

rFire   . . .      SeeInvis .   a - +1 falchion
rCold   . . .      Faith    .   (no shield)
rNeg    . . .      Spirit   .   k - +0 ring mail
rPois   .          Reflect  .   u - +0 helmet
rElec   .          Harm     .   (no cloak)
rCorr   .          Rampage  .   (no gloves)
Will    .....                   (no boots)
Stlth   ..........              (no amulet)
HPRegen 0.15/turn               i - +6 ring of intelligence
MPRegen 0.09/turn               (no ring)

@: confused, attractive
A: no striking features
a: Renounce Religion, Berserk, Trog's Hand


You were on level 5 of the Dungeon.
You worshipped Trog.
Trog was most pleased with you.
You visited 2 branches of the dungeon, and saw 6 of its levels.

You collected 1034 gold pieces.

Inventory:

Hand Weapons
 a - a +1 falchion (weapon)
Armour
 k - a +0 ring mail (worn)
 u - a +0 helmet (worn)
Jewellery
 i - a +6 ring of intelligence (left hand)
Scrolls
 b - a scroll of poison
 c - a scroll of amnesia
 d - 2 scrolls of torment
 f - 5 scrolls of teleportation
 m - a scroll of vulnerability {unknown}
 r - a scroll of silence {unknown}
 s - 2 scrolls of blinking {unknown}
 t - a scroll of fog {unknown}
Potions
 g - a potion of brilliance {unknown}
 h - a potion of magic {unknown}
 j - a potion of mutation {unknown}
 l - a potion of heal wounds {unknown}
 o - a potion of lignification {unknown}
 p - a potion of berserk rage {unknown}
 q - a potion of might {unknown}


   Skills:
 + Level 4.7 Fighting
 + Level 5.0 Long Blades
 + Level 3.8 Armour
 + Level 2.1 Dodging
 + Level 0.4 Stealth


You had 4 spell levels left.
You didn't know any spells.
Your spell library was empty.

Dungeon Overview and Level Annotations

Branches:
Dungeon (5/15)             Temple (1/1) D:4

Altars:
Cheibriados
Elyvilon
Hepliaklqana
Kikubaaqudgha
Nemelex Xobeh
Okawaru
Qazlal
Ru
Sif Muna
Trog
Uskayaw
Wu Jian
Xom
Yredelemnul
Zin
The Shining One


Message History

You hit something. The orc hits you with a +0 flail.
You bump into the rock wall.
Something hits you but does no damage. The orc hits you with a +0 flail.
You hit the orc.
The orc is severely wounded.
Something hits you but does no damage. The orc hits you with a +0 flail.
You hit the orc but do no damage.
The orc is severely wounded.
You hear some strange, mumbled words.
A magic dart appears from out of thin air!
The magic dart hits you.
* * * LOW HITPOINT WARNING * * *
The orc hits you but does no damage.
You miss the orc.
The orc is severely wounded.
You feel less confused.
An orc wizard appears from thin air!
Reactivating autopickup.
The orc wizard points at you and mumbles some strange words.
The puff of flame hits you.
* * * LOW HITPOINT WARNING * * *
The orc hits you with a +0 flail!
* * * LOW HITPOINT WARNING * * *
It was a potion of attraction.
You feel attractive to monsters. The orc wizard barely misses you.
The orc closely misses you.
You hit the orc.
You kill the orc!
Trog accepts your kill.
The orc wizard hits you but does no damage.
The orc is attracted toward you.
You completely miss the orc. The orc hits you but does no damage.
The orc wizard gestures at you while chanting.
You are confused.
You miss the orc. The orc hits you but does no damage.
The orc wizard hits you with a +0 dagger.
* * * LOW HITPOINT WARNING * * *
You bump into the rock wall.
The orc barely misses you.
The orc wizard hits you with a +0 dagger.
You die...

###..... #. ......#
#.###.....# #.#.. ....
###....##.# #...!.#...#
#.....#.#o# #..!....#o#
####.......o@#
.........#####
..........# $.........#
###### ..........######
#....# ......#........#
#....# ......#........#
#....# ..?...#........#
###....# #....
#........####......####


You could see an orc wizard and 2 orcs.

Vanquished Creatures
  A necrophage (D:5)
  6 adders
  A worm (D:3)
  A dart slug (D:3)
  4 orcs
  A bat zombie (D:4)
  7 endoplasms
  9 giant cockroaches
  7 goblins
  6 hobgoblins
  2 jackals (D:4)
  2 quokkas
  8 ball pythons
  2 bats
  5 frilled lizards
  8 kobolds
  9 rats
79 creatures vanquished.

Vanquished Creatures (others)
  An orc wizard (D:5)
1 creature vanquished.

Grand Total: 80 creatures vanquished

Notes
Turn   | Place    | Note
-------+----------+-------------------------------------------
     0 | D:1      | Iusername the Hill Orc Berserker began the quest for the
                  | Orb.
     0 | D:1      | Reached XP level 1. HP: 19/19 MP: 1/1
    11 | D:1      | Found a faded altar of an unknown god.
   624 | D:1      | Reached XP level 2. HP: 27/27 MP: 2/2
  1753 | D:1      | Reached XP level 3. HP: 29/33 MP: 3/3
  1984 | D:1      | Reached ** piety under Trog
  2907 | D:2      | Reached skill level 4 in Long Blades
  3136 | D:2      | Reached XP level 4. HP: 39/40 MP: 4/4
  4042 | D:3      | Identified a scroll of acquirement
  4043 | D:3      | Acquired 824 gold pieces
  4244 | D:4      | Found a staircase to the Ecumenical Temple.
  4273 | Temple   | Entered the Ecumenical Temple
  4351 | D:4      | Reached *** piety under Trog
  4364 | D:4      | Found an ancient bone altar of Kikubaaqudgha.
  4495 | D:4      | Reached XP level 5. HP: 47/47 MP: 5/5
  5257 | D:5      | Entered Level 5 of the Dungeon
  5298 | D:5      | Reached skill level 5 in Long Blades
  5991 | D:5      | Found a sparkling altar of Nemelex Xobeh.
  6039 | D:5      | Slain by an orc wizard

Illustrated notes

Levels and vault maps discovered:
D:1:      lightli_arrival_statue_moat, layout_basic, basic_ecumenical_altar
D:2:      layout_loops_cross
D:3:      layout_loops_ring
D:4:      nicolae_cairo_tiling, layout_loops_cross,
          lemuel_zombie_altar_kikubaaqudgha, minmay_temple_entry_stoned_glass,
          minivault_11
D:5:      layout_basic, lemuel_crystal_altar, nemelex_xobeh_ov_fountains_minmay,
          minmay_misc_feat_ornament
Temple:   nicolae_temple_bog_church

Skill      XL: |  1  2  3  4  5 |
---------------+----------------+-----
Fighting       | 4 |  4.7
Dodging        | 2 |  2.1
Long Blades    | 4 5 |  5.0
Armour         | 3 |  3.8
Stealth        | |  0.4

Action                   |  1- 3 |  4- 6 || total
-------------------------+-------+-------++-------
Melee: Falchion          |   125 |   144 ||   269
       Punch             |       |     1 ||     1
  Use: Scroll            |       |     7 ||     7
       Potion            |       |     5 ||     5
Armor: Animal skin       |     4 |       ||     4
       Ring mail         |    42 |    83 ||   125
Dodge: Dodged            |    81 |   106 ||   187
